 Dungeon Crawl Stone Soup version 0.20.1-1-g8b1a95d (webtiles) character file.

200046 empire the Tortoise (level 17, 0/150 HPs)
             Began as a Minotaur Fighter on July 13, 2017.
             Was a High Priest of Nemelex Xobeh.
             Slain by a dire flail of protection (6 damage)
             ... on level 1 of the Elven Halls.
             The game lasted 02:38:16 (35234 turns).

empire the Tortoise (Minotaur Fighter)             Turns: 35234, Time: 02:38:17

Health: 0/150      AC: 33    Str: 29    XL:     17   Next: 86%
Magic:  0/35       EV: 15    Int:  9    God:    Nemelex Xobeh [*****.]
Gold:   2186       SH:  8    Dex: 13    Spells: 16/16 levels left

rFire    . . .     SeeInvis +   b - +4 scimitar (flame)
rCold    . . .     Gourm    .   n - +2 buckler {AC+3}
rNeg     . . .     Faith    .   F - +8 chain mail "Ekueh" {Regen+ Int+4}
rPois    .         Spirit   +   D - +1 hat
rElec    .         Reflect  .   z - scarf {Spirit}
rCorr    .         Harm     .   M - +2 pair of gloves
MR       +....                  G - +2 pair of boots "Ykurud" {SInv}
Stlth    ..........             y - amulet of magic regeneration
Regen    0.8/turn               N - ring of magical power
MPRegen  0.4/turn               p - +2 ring of dexterity

@: drained
A: retaliatory headbutt, hooves 1, horns 2, blink, sense surroundings 1,
screaming 1, strong 1, evolution 1
}: 1/15 runes: gossamer
a: Blink, Triple Draw, Deal Four, Stack Five, Renounce Religion


You were on level 1 of the Elven Halls.
You worshipped Nemelex Xobeh.
Nemelex Xobeh was extremely pleased with you.
You were not hungry.

You visited 8 branches of the dungeon, and saw 31 of its levels.
You also visited: Ice Cave.

You collected 3254 gold pieces.
You spent 1068 gold pieces at shops.

Inventory:

Hand Weapons
 a - a +4 scimitar of holy wrath
 b - a +4 scimitar of flaming (weapon)
Armour
 n - a +2 buckler of protection (worn)
 z - a scarf of spirit shield (worn)
 D - a +1 hat (worn)
 F - the +8 chain mail "Ekueh" (worn) {Regen+ Int+4}
   (You found it on level 5 of the Dungeon)

   It affects your intelligence (+4).
   It increases your rate of regeneration.
 G - the +2 pair of boots "Ykurud" (worn) {SInv}
   (You acquired it on level 6 of the Lair of Beasts)

   It lets you see invisible.
 M - a +2 pair of gloves (worn)
Jewellery
 p - a +2 ring of dexterity (right hand)
 y - an amulet of magic regeneration (around neck)
 N - a ring of magical power (left hand)
Wands
 e - a wand of lightning (5/15)
 i - a wand of digging (10/24)
 E - a wand of disintegration (0/24)
 H - a wand of polymorph (12/24)
 J - a wand of confusion (16/48)
 W - a wand of disintegration (0/24)
Scrolls
 c - a scroll of vulnerability
 g - 2 scrolls of fog
 k - a scroll of blinking
 o - 4 scrolls of immolation
 s - 2 scrolls of magic mapping
 t - 10 scrolls of teleportation
 L - a scroll of fear
Potions
 q - 5 potions of lignification
 r - 2 potions of resistance
 u - 6 potions of ambrosia
 x - 2 potions of invisibility
 A - a potion of curing
 C - 2 potions of haste
 V - a potion of might
Miscellaneous
 d - a plain deck of escape {drawn: 4}
 P - a phial of floods
 U - a plain deck of escape {drawn: 1}
 Z - a lamp of fire (inert)
Comestibles
 f - 14 bread rations
 h - 14 fruits


   Skills:
 - Level 13.5(13.1) Fighting
 - Level 14.4(14.0) Long Blades
 + Level 16.0(15.6) Armour
 - Level 11.7(11.3) Dodging
 - Level 10.6(10.2) Shields
 - Level 14.6(14.1) Invocations
 - Level 14.1(13.7) Evocations


You had 16 spell levels left.
You didn't know any spells.

Dungeon Overview and Level Annotations

Branches:
Dungeon (15/15)            Temple (1/1) D:5            Lair (6/6) D:9
 Shoals (1/4) Lair:4       Spider (4/4) Lair:4        Slime (0/5) Lair:6
    Orc (2/2) D:11            Elf (1/3) Orc:2        Vaults (0/5) D:13
 Depths (1/5) D:15

Altars:
Ashenzari
Cheibriados
Dithmenos
Elyvilon
Fedhas
Gozag
Hepliaklqana
Kikubaaqudgha
Makhleb
Nemelex Xobeh
Okawaru
Qazlal
Ru
Sif Muna
Trog
Uskayaw
Vehumet
Xom
Yredelemnul
Zin
The Shining One
Beogh

Shops:
D:13 %   D:14 }   D:15 (   Orc:2 !:**   Depths:1 [

Portals:
Pandemonium: Depths:1

Annotations:
Depths:1 1 runed door, the Enchantress


Innate Abilities, Weirdness & Mutations

You reflexively headbutt those who attack you in melee.
You have a pair of horns on your head.
You have large cloven feet.
You can translocate small distances at will.
You passively map a small area around you.
You occasionally shout uncontrollably at your foes.
Your muscles are strong. (Str +2)
You evolve.


Message History

The deep elf mage is severely wounded.
The dire flail of protection hits you!
* * * LOW HITPOINT WARNING * * *
You feel better.
The deep elf mage hits you but does no damage.
The dire flail of protection hits you but does no damage.
You barely miss the deep elf mage.
The deep elf mage is severely wounded.
The dire flail of protection hits you but does no damage.
The deep elf mage misses you.
You riposte.
You slice the deep elf mage!! You burn the deep elf mage.
You kill the deep elf mage!
The dire flail of protection hits you!!
* * * LOW HITPOINT WARNING * * *
The dire flail of protection completely misses you.
Items here: )) [ † a short sword; a dagger; a ring mail; an elf corpse The dire flail of protection hits you!
You die...
Your body glows with a rainbow of weird colours and disappears.

* * ........# * . ##
........# + .##.
...e..).# ,
.....##.....# , #..
##e.).# ,* #, #.#
##...## *
#?.#.)##...#
#..).))######
#....##@(.####.# * *
##.,*
##.....#'######## *
, #..##......)...##
, #...##.#..8..8...)
,
...#.##.......)..##
,
....##.#############
,....# #.# .... #+#
* ... ,


You could see a deep elf mage and a dire flail of protection.

Vanquished Creatures
  Jorgrun (Spider:3)
  Rupert (Orc:2)
  A storm dragon (Shoals:1)
  Roxanne (Spider:3)
  A frost giant (D:15)
  A fire giant (Spider:2)
  3 ghost moths
  An orc warlord (Orc:1)
  2 spriggan defenders
  6 emperor scorpions
  A stone giant (Depths:1)
  Azrael (D:12)
  A deep elf demonologist (Elf:1)
  A spark wasp (Spider:3)
  The ghost of MrModeste the Nimble, a journeyman TrBe of Trog (Lair:3)
  Josephine (D:15)
  A fire dragon (Shoals:1)
  A rakshasa (D:13)
  The ghost of Quirk the Bludgeoner, a journeyman TrFi of Okawaru (Lair:1)
  A vault guard (D:13)
  6 hydras
  2 merfolk avatars (Shoals:1)
  An anaconda (Spider:3)
  5 centaur warriors
  2 catoblepae
  3 tengu warriors
  An ogre mage (Depths:1)
  2 two-headed ogres
  6 death yaks
  3 orc high priests (Orc:2)
  An unseen horror (D:11)
  A glowing orange brain (D:15)
  A shambling mangrove (Lair:1)
  4 lindwurms
  3 harpies (Shoals:1)
  7 orc knights
  A wizard (D:14)
  A wolf spider zombie (D:15)
  3 fauns (Shoals:1)
  3 orc sorcerers
  14 deep elf magi
  12 orb spiders
  22 wolf spiders
  6 manticores
  13 ugly things
  A moth of wrath (Spider:4)
  4 cyclopes
  2 merfolk sirens (Shoals:1)
  14 elephants
  5 black mambas
  An eye of devastation (shapeshifter) (D:15)
  Psyche (D:10)
  An ice statue (IceCv)
  4 gargoyles
  6 spiny frogs
  4 rime drakes
  A yaktaur (D:8)
  4 demonic crawlers
  8 komodo dragons
  24 jumping spiders
  A wandering mushroom (Lair:1)
  A meliai (Lair:6)
  2 tengu conjurers (D:15)
  A tyrant leech (Spider:3)
  A troll (D:14)
  A meliai (shapeshifter) (D:15)
  13 hornets
  A troll (shapeshifter) (D:15)
  3 merfolk (Shoals:1)
  23 polar bears
  A raiju (shapeshifter) (D:15)
  14 slime creatures
  3 blink frogs (Lair:2)
  3 hippogriffs
  4 dream sheep
  3 snapping turtles (Shoals:1)
  Sigmund (D:5)
  43 redbacks
  15 spriggans
  23 tarantellas
  3 centaur simulacra
  5 water elementals
  4 wraiths (D:15)
  58 yaks
  7 basilisks
  A shadow (D:12)
  4 wyverns
  Grum (D:9)
  A fire elemental (D:12)
  3 steam dragons
  A fire bat (Lair:1)
  9 vampire mosquitoes
  3 hungry ghosts
  A warg (Orc:1)
  A hell hound (D:12)
  9 water moccasins
  Duvessa (D:7)
  3 acid dragons
  16 porcupines
  7 black bears
  43 orc warriors
  7 ice beasts
  A sky beast (D:11)
  A tengu (Spider:3)
  38 wolves
  3 phantoms
  3 boggarts (Lair:6)
  9 ogres
  21 centaurs
  5 big kobolds
  12 crocodiles
  17 bullfrogs
  Dowan (D:7)
  A water moccasin skeleton (D:11)
  4 scorpions
  3 killer bees
  2 electric eels
  8 wights
  6 howler monkeys
  7 crimson imps
  9 jellies
  6 centaur zombies
  12 hounds
  25 orc priests
  A bullfrog zombie (D:12)
  24 orc wizards
  A bullfrog skeleton (D:8)
  5 centaur skeletons
  4 iguanas
  10 worker ants
  2 bullfrog simulacra (D:13)
  2 hound zombies
  A hound skeleton (D:7)
  A worker ant zombie (D:9)
  3 gnolls (D:8)
  2 howler monkey skeletons
  24 adders
  4 shadow imps
  A white imp (D:13)
  An ooze (D:6)
  3 adder skeletons
  A worm (D:4)
  2 dart slugs (D:2)
  4 leopard geckos
  98 orcs
  3 ball pythons (D:3)
  4 bats
  4 giant cockroaches
  7 goblins
  7 hobgoblins
  2 jackals (D:6)
  6 kobolds
  8 quokkas
  5 frilled lizards
  A jackal zombie (D:6)
  2 quokka skeletons
  A quokka zombie (D:5)
  12 rats
  4 plants
1030 creatures vanquished.

Vanquished Creatures (collateral kills)
  An eldritch tentacle (Spider:4)
  A frost giant (IceCv)
  2 emperor scorpions (Spider:4)
  3 entropy weavers
  A spark wasp (Spider:4)
  3 vault guards (D:13)
  A spriggan air mage (Depths:1)
  2 two-headed ogres
  A death yak (Spider:4)
  2 orc high priests (Orc:2)
  4 skeletal warriors (D:14)
  A wizard (D:13)
  A sea snake (Shoals:1)
  4 orc knights
  A deep elf archer (D:13)
  3 orb spiders
  A moth of wrath (Spider:4)
  2 cyclopes
  A deep elf mage (D:12)
  6 wolf spiders
  An elephant (Lair:6)
  2 demonic crawlers (Spider:4)
  A wandering mushroom (Lair:1)
  11 jumping spiders
  2 polar bears (IceCv)
  A hornet (Depths:1)
  A wind drake (Shoals:1)
  A wind drake (shapeshifter) (Shoals:1)
  A blink frog (Lair:1)
  25 redbacks
  A spriggan (Depths:1)
  3 tarantellas
  7 yaks (D:13)
  2 fire elementals (D:12)
  3 hell hounds (D:12)
  6 orc warriors
  2 ogres
  A bullfrog (D:12)
  An electric eel (D:13)
  A wight (D:12)
  5 orc priests
  3 orc wizards
  9 orcs
131 creatures vanquished.

Vanquished Creatures (others)
  An eldritch tentacle (Spider:4)
  A merfolk impaler (Shoals:1)
  An orb spider (Spider:4)
  A manticore (Shoals:1)
  An orc sorcerer (D:13)
  A tengu conjurer (D:14)
  A jumping spider (Spider:4)
  A spriggan (Lair:6)
  A shadow (D:12)
  A water moccasin (D:6)
  5 orc warriors (D:13)
  2 ogres
  2 wolves
  A bullfrog (D:14)
  A centaur zombie (D:6)
  An orc priest (D:13)
  4 ball lightnings
  17 orcs (D:13)
  A kobold (D:6)
  7 fungi
  3 plants
54 creatures vanquished.

Grand Total: 1215 creatures vanquished

Notes
Turn   | Place    | Note
-------+----------+-------------------------------------------
     0 | D:1      | empire the Minotaur Fighter began the quest for the Orb.
     0 | D:1      | Reached XP level 1. HP: 19/19 MP: 0/0
   171 | D:1      | Reached XP level 2. HP: 27/27 MP: 1/1
   617 | D:2      | Reached skill level 1 in Dodging
   617 | D:2      | Reached XP level 3. HP: 33/33 MP: 2/2
   979 | D:2      | Reached skill level 4 in Armour
  1056 | D:2      | Reached XP level 4. HP: 40/40 MP: 3/3
  1512 | D:3      | Reached XP level 5. HP: 37/46 MP: 4/4
  2460 | D:4      | Found a shattered altar of Ashenzari.
  2460 | D:4      | Found an ancient bone altar of Kikubaaqudgha.
  2464 | D:4      | Found a shimmering altar of Xom.
  2594 | D:5      | Entered Level 5 of the Dungeon
  2605 | D:5      | Reached skill level 5 in Long Blades
  2606 | D:5      | Reached XP level 6. HP: 20/53 MP: 1/5
  2640 | D:5      | Got a crude chain mail
  2647 | D:5      | Identified the +8 chain mail "Ekueh" {Regen+ Int+4} (You found it on level 5 of the Dungeon)
  2719 | D:5      | You fall through a shaft!
  2729 | D:6      | Noticed an ice beast
  2738 | D:6      | Killed an ice beast
  2744 | D:6      | Reached skill level 5 in Shields
  2775 | D:6      | Noticed a water moccasin
  2785 | D:6      | Killed a water moccasin
  2785 | D:6      | Reached skill level 5 in Fighting
  2785 | D:6      | Reached skill level 5 in Armour
  2785 | D:6      | Reached XP level 7. HP: 56/61 MP: 6/6
  2833 | D:5      | Found a glowing golden altar of the Shining One.
  2850 | D:5      | Found a glowing silver altar of Zin.
  3083 | D:5      | Noticed Sigmund
  3092 | D:5      | Killed Sigmund
  3115 | D:5      | Found a staircase to the Ecumenical Temple.
  3141 | Temple   | Entered the Ecumenical Temple
  3254 | Temple   | Became a worshipper of Nemelex Xobeh the Trickster
  3373 | D:6      | Found a white marble altar of Elyvilon.
  3395 | D:6      | Received a gift from Nemelex Xobeh
  3457 | D:6      | Reached XP level 8. HP: 69/69 MP: 7/7
  3839 | D:6      | Reached skill level 1 in Invocations
  4138 | D:7      | Found an iron altar of Okawaru.
  4244 | D:7      | Reached skill level 1 in Evocations
  4412 | D:7      | Received a gift from Nemelex Xobeh
  4436 | D:7      | Reached * piety under Nemelex Xobeh
  4642 | D:7      | Found a sacrificial altar of Ru.
  4703 | D:7      | Reached skill level 6 in Armour
  4750 | D:7      | Noticed Dowan
  4758 | D:7      | Killed Dowan
  4776 | D:7      | Noticed Duvessa
  4789 | D:7      | Killed Duvessa
  5001 | D:7      | Reached XP level 9. HP: 78/78 MP: 9/9
  5155 | D:8      | Reached skill level 5 in Dodging
  5266 | D:8      | Noticed a two-headed ogre
  5274 | D:8      | Killed a two-headed ogre
  5355 | D:8      | Noticed a centaur warrior
  5362 | D:8      | Killed a centaur warrior
  5362 | D:8      | Reached skill level 7 in Armour
  5362 | D:8      | Reached XP level 10. HP: 75/86 MP: 11/11
  5383 | D:8      | Got an uncursed crystal spear {freeze}
  5654 | D:8      | Received a gift from Nemelex Xobeh
  5673 | D:8      | Identified the +4 spear "Oxevyris" {freeze, +Inv rC++} (You took it off a yaktaur on level 8 of the Dungeon)
  6036 | D:8      | Reached skill level 10 in Long Blades
  6767 | D:9      | Found a staircase to the Lair.
  6795 | D:9      | Noticed a hand axe
  6796 | D:9      | Noticed a dagger
  6798 | D:9      | Found a hide-covered altar of Uskayaw.
  6947 | D:9      | Reached ** piety under Nemelex Xobeh
  7014 | D:9      | Reached skill level 8 in Armour
  7027 | D:9      | Noticed Grum
  7039 | D:9      | Killed Grum
  7254 | D:10     | Entered Level 10 of the Dungeon
  7484 | D:10     | Noticed a gargoyle
  7503 | D:10     | Killed a gargoyle
  7550 | D:10     | Reached skill level 5 in Invocations
  7688 | D:10     | Reached XP level 11. HP: 95/95 MP: 13/13
  7784 | D:10     | Received a gift from Nemelex Xobeh
  7799 | D:10     | Noticed Psyche
  7806 | D:10     | Paralysed by Psyche for 5 turns
  7818 | D:10     | Killed Psyche
  7980 | D:10     | Reached skill level 5 in Evocations
  8414 | D:11     | Noticed a red ugly thing
  8428 | D:11     | Killed a red ugly thing
  8816 | D:11     | Noticed a white ugly thing
  8832 | D:11     | Killed a white ugly thing
  8832 | D:11     | Reached skill level 9 in Armour
  8840 | D:11     | Gained mutation: You evolve. [mutagenic meat]
  9054 | D:11     | Reached *** piety under Nemelex Xobeh
  9078 | D:11     | Found a staircase to the Orcish Mines.
  9148 | D:11     | Received a gift from Nemelex Xobeh
  9322 | D:11     | Noticed a three-headed hydra
  9337 | D:11     | Killed a three-headed hydra
  9368 | D:11     | Got a fine halberd {chop}
  9698 | D:11     | Gained mutation: You passively map a small area around you. [evolution]
 10073 | D:11     | Killed an unseen horror
 10465 | D:12     | Noticed Azrael
 10548 | D:12     | Noticed a deep elf mage
 10554 | D:12     | Killed a deep elf mage
 10562 | D:12     | Killed Azrael
 10562 | D:12     | Reached skill level 10 in Fighting
 10562 | D:12     | Reached XP level 12. HP: 70/106 MP: 15/15
 11056 | D:12     | Received a gift from Nemelex Xobeh
 11119 | D:12     | Reached skill level 10 in Shields
 11429 | D:12     | Reached skill level 10 in Armour
 11550 | D:13     | Noticed a two-headed ogre
 11568 | D:13     | Killed a two-headed ogre
 11639 | D:13     | Found a frozen archway.
 11642 | D:13     | Noticed a rakshasa
 11723 | D:13     | Killed a rakshasa
 11741 | IceCv    | Entered an ice cave
 12239 | IceCv    | Reached **** piety under Nemelex Xobeh
 12454 | IceCv    | Noticed a death yak
 12454 | IceCv    | Noticed a frost giant
 12515 | IceCv    | Killed a frost giant
 12515 | IceCv    | Reached XP level 13. HP: 53/116 MP: 15/18
 12797 | D:13     | Reached skill level 10 in Dodging
 12986 | D:13     | Found Jyuschaf's Food Shoppe.
 13019 | D:13     | Received a gift from Nemelex Xobeh
 13028 | D:13     | Paralysed by an orc sorcerer for 2 turns
 13169 | D:13     | Found a gate to the Vaults.
 14062 | D:13     | Got a scorched halberd
 14760 | D:14     | Found Qyaps's Gadget Shoppe.
 15058 | D:14     | Reached skill level 10 in Invocations
 15068 | D:14     | Reached XP level 14. HP: 113/127 MP: 20/20
 15133 | D:14     | Gained mutation: You occasionally shout uncontrollably at your foes. [mutagenic meat]
 15134 | D:14     | Gained mutation: Your muscles are strong. (Str +2) [mutagenic meat]
 15345 | D:14     | Identified a scroll of acquirement
 15349 | D:14     | Got a glittering copper amulet
 15359 | D:14     | Gained mutation: You can translocate small distances at will. [evolution]
 15388 | D:15     | Entered Level 15 of the Dungeon
 15388 | D:15     | Received a gift from Nemelex Xobeh
 15638 | D:15     | Reached ***** piety under Nemelex Xobeh
 15922 | Orc:1    | Entered Level 1 of the Orcish Mines
 16192 | Orc:1    | Received a gift from Nemelex Xobeh
 16211 | Orc:1    | Noticed an orc warlord
 16236 | Orc:1    | Killed an orc warlord
 16511 | Orc:2    | Entered Level 2 of the Orcish Mines
 16512 | Orc:2    | Found a staircase to the Elven Halls.
 16602 | Orc:2    | Found a roughly hewn altar of Beogh.
 16654 | Orc:2    | Reached skill level 10 in Evocations
 16873 | Orc:2    | Noticed Rupert
 16898 | Orc:2    | Killed Rupert
 17816 | Orc:2    | Found Atwuskat's General Store.
 17819 | Orc:2    | Found Udisoh Tamn's Book Boutique.
 17820 | Orc:2    | Found Putuxt's Distillery.
 17821 | Orc:2    | Found Aqatatre's General Store.
 17826 | Orc:2    | Bought a scroll of fog for 32 gold pieces
 17826 | Orc:2    | Bought a potion of flight for 48 gold pieces
 17826 | Orc:2    | Bought a scroll of identify for 32 gold pieces
 17826 | Orc:2    | Bought a scroll of magic mapping for 56 gold pieces
 17827 | Orc:2    | Bought a potion of ambrosia for 120 gold pieces
 17827 | Orc:2    | Bought a potion of invisibility for 120 gold pieces
 17830 | Orc:2    | Bought a potion of lignification for 45 gold pieces
 17830 | Orc:2    | Bought a potion of mutation for 120 gold pieces
 17830 | Orc:2    | Bought a potion of curing for 45 gold pieces
 17830 | Orc:2    | Bought a potion of curing for 45 gold pieces
 17830 | Orc:2    | Bought a potion of curing for 45 gold pieces
 17830 | Orc:2    | Bought a potion of curing for 45 gold pieces
 17830 | Orc:2    | Bought a potion of heal wounds for 75 gold pieces
 17830 | Orc:2    | Bought 2 potions of ambrosia for 240 gold pieces
 18087 | Lair:1   | Entered Level 1 of the Lair of Beasts
 18157 | Lair:1   | Received a gift from Nemelex Xobeh
 18188 | Lair:1   | Noticed Quirk's ghost (journeyman TrFi)
 18206 | Lair:1   | Killed Quirk's ghost
 18441 | Lair:1   | Received a gift from Nemelex Xobeh
 18910 | Lair:1   | Paralysed by a hornet for 2 turns
 18924 | Lair:1   | Got a scorched tin ring
 18926 | Lair:1   | Identified the ring of the Final Souls {+Inv rC+ MP+9 Str-3 Int+4} (You found it on level 1 of the Lair of Beasts)
 18927 | Lair:1   | Identified the amulet "Ohokk" {Gourm MR+} (You acquired it on level 14 of the Dungeon)
 19111 | Lair:2   | Reached XP level 15. HP: 126/136 MP: 22/22
 19194 | Lair:2   | Received a gift from Nemelex Xobeh
 19641 | Lair:2   | Received a gift from Nemelex Xobeh
 20230 | D:15     | Reached ****** piety under Nemelex Xobeh
 20260 | D:15     | Got an ancient trident
 20268 | D:15     | Noticed Josephine
 20287 | D:15     | Killed Josephine
 20427 | D:15     | Found a staircase to the Depths.
 20842 | D:15     | Received a gift from Nemelex Xobeh
 21103 | D:15     | Found Nigumaf's Antique Weapon Shoppe.
 21130 | D:15     | Gained mutation: You have large cloven feet. [evolution]
 21482 | Depths:1 | Entered Level 1 of the Depths
 21482 | Depths:1 | Found Liung's Antique Armour Emporium.
 21482 | Depths:1 | Noticed a frost giant
 21495 | D:15     | Killed a frost giant
 21574 | Depths:1 | Found a runed door.
 21577 | Depths:1 | Found a one-way gate leading to the halls of Pandemonium.
 21582 | Depths:1 | Noticed the Enchantress
 22346 | Lair:3   | Received a gift from Nemelex Xobeh
 22385 | Lair:3   | Noticed MrModeste's ghost (journeyman TrBe)
 22402 | Lair:3   | Killed MrModeste's ghost
 22626 | Lair:3   | Received a gift from Nemelex Xobeh
 23203 | Lair:4   | Found a staircase to the Shoals.
 23269 | Lair:4   | Received a gift from Nemelex Xobeh
 24163 | Lair:4   | Found a hole to the Spider Nest.
 24414 | Lair:5   | Received a gift from Nemelex Xobeh
 24603 | Lair:5   | Got a shimmering chain mail
 24721 | Lair:5   | Received a gift from Nemelex Xobeh
 26332 | Lair:6   | Entered Level 6 of the Lair of Beasts
 26367 | Lair:6   | Reached XP level 16. HP: 144/144 MP: 24/24
 26450 | Lair:6   | Received a gift from Nemelex Xobeh
 26716 | Lair:6   | Found a staircase to the Slime Pits.
 26756 | Lair:6   | Got a scorched quarterstaff
 26879 | Lair:6   | Received a gift from Nemelex Xobeh
 26884 | Lair:6   | Identified the cursed +2 quarterstaff of the Messenger {crush, Stlth+} (You found it on level 6 of the Lair of Beasts)
 27202 | Lair:6   | Got a pair of steaming boots
 27208 | Lair:6   | Identified the +2 pair of boots "Ykurud" {SInv} (You acquired it on level 6 of the Lair of Beasts)
 27308 | Lair:6   | Got a slimy buckler
 27319 | Lair:6   | Identified the +0 buckler of the World {-Cast rPois rN+ Dex+3} (You found it on level 6 of the Lair of Beasts)
 27575 | Spider:1 | Entered Level 1 of the Spider Nest
 27798 | Spider:1 | Received a gift from Nemelex Xobeh
 28754 | Spider:2 | Noticed Arachne
 28754 | Spider:2 | Noticed Donald
 28757 | Spider:2 | Noticed Donald
 28757 | Spider:2 | Donald changed into Donald the storm dragon
 28757 | Spider:2 | Noticed Arachne
 28757 | Spider:2 | Arachne changed into Arachne the fire giant
 28759 | Spider:2 | Noticed Donald
 28759 | Spider:2 | Donald the storm dragon changed into Donald the deep troll
 28761 | Spider:2 | Noticed Donald
 28761 | Spider:2 | Donald the deep troll changed into Donald the polar bear
 28770 | Spider:2 | Killed Donald the polar bear
 28771 | Spider:2 | Killed Arachne the fire giant
 30069 | Spider:3 | Received a gift from Nemelex Xobeh
 30305 | Spider:3 | Noticed Jorgrun
 30327 | Spider:3 | Killed Jorgrun
 30571 | Spider:3 | Noticed Roxanne
 30591 | Spider:3 | Killed Roxanne
 30702 | Spider:3 | Received a gift from Nemelex Xobeh
 30959 | Spider:3 | Reached XP level 17. HP: 150/150 MP: 26/26
 31428 | Spider:3 | Reached skill level 11 in Armour
 31630 | Spider:4 | Entered Level 4 of the Spider Nest
 31962 | Spider:4 | Reached skill level 12 in Armour
 32258 | Spider:4 | Received a gift from Nemelex Xobeh
 32584 | Spider:4 | Reached skill level 13 in Armour
 32869 | Spider:4 | Got a gossamer rune of Zot
 32988 | Spider:4 | Reached skill level 14 in Armour
 33841 | Shoals:1 | Entered Level 1 of the Shoals
 33841 | Shoals:1 | Received a gift from Nemelex Xobeh
 34020 | Shoals:1 | Reached skill level 15 in Armour
 35111 | Elf:1    | Entered Level 1 of the Elven Halls
 35220 | Elf:1    | HP: 3/150 [deep elf mage/bolt of lightning (18)]
 35226 | Elf:1    | Reached skill level 16 in Armour
 35232 | Elf:1    | HP: 4/150 [dire flail of protection (17)]
 35234 | Elf:1    | Slain by a dire flail of protection

Skill      XL: |  1  2  3  4  5  6  7  8  9 10 11 12 13 14 15 16 17 |
---------------+----------------------------------------------------+-----
Shields        | 4 5 6 7 8 9 10 | 10.6
Long Blades    | 3 4 5 6 7 8 9 10 11 13 14 | 14.4
Dodging        | 1 2 3 4 5 6 8 9 11 | 11.7
Armour         | 4 5 6 7 8 9 10 16 | 16.0
Fighting       | 4 5 6 7 8 10 11 12 13 | 13.5
Invocations    | 2 3 5 6 8 10 11 13 14 | 14.6
Evocations     | 2 3 4 6 7 9 10 12 14 | 14.1

Action                   |  1- 3 |  4- 6 |  7- 9 | 10-12 | 13-15 | 16-18 || total
-------------------------+-------+-------+-------+-------+-------+-------++-------
Melee: Long sword        |    29 |       |       |       |       |       ||    29
       Headbutt          |    12 |    19 |    45 |   204 |   380 |   261 ||   921
       Scimitar          |    26 |   103 |   200 |   869 |  1310 |   871 ||  3379
Invok: Deal Four         |       |       |       |       |       |     7 ||     7
 Abil: Blink             |       |       |       |       |       |     7 ||     7
Evoke: Deck              |       |       |     3 |    38 |    52 |    50 ||   143
       Lamp of fire      |       |       |       |     1 |     3 |     2 ||     6
       Wand              |       |       |       |     2 |    35 |    50 ||    87
       Crystal ball of e |       |       |       |       |       |     2 ||     2
       Phial of floods   |       |       |       |       |       |     1 ||     1
  Use: Scroll            |       |     5 |     1 |    21 |    19 |    11 ||    57
       Potion            |       |       |     1 |     4 |    16 |    14 ||    35
 Stab: Invisible         |       |       |       |     1 |     2 |       ||     3
       Distracted        |       |       |       |       |     4 |     1 ||     5
       Petrified         |       |       |       |       |     3 |       ||     3
       Petrifying        |       |       |       |       |     1 |       ||     1
  Eat: Chunk             |       |     6 |     9 |    24 |    43 |    25 ||   107
       Fruit             |       |       |       |     1 |     6 |     4 ||    11
       Meat ration       |       |       |       |       |     1 |       ||     1
Armor: Scale mail        |    25 |     4 |       |       |       |       ||    29
       Steam dragon scal |       |    16 |       |       |       |       ||    16
       Chain mail        |       |    25 |    90 |   452 |   582 |   659 ||  1808
Dodge: Dodged            |    25 |    43 |    53 |   320 |   670 |   673 ||  1784
Block: Shield            |    30 |    78 |   109 |   524 |   318 |       ||  1059
       Buckler           |       |       |       |       |   339 |   482 ||   821
       Rpst.: Long sword |     5 |       |       |       |       |       ||     5
       Scimitar          |     5 |    10 |    12 |    81 |   175 |   122 ||   405
